 Dungeon Crawl Stone Soup version 0.29.1-4-g47bece8355 (webtiles) character file.

Game seed: 1559442551458521247

59 Descartes the Firebug (level 3, -9/19 HPs)
             Began as a Deep Elf Fire Elementalist on Dec 11, 2022.
             Killed by divine providence
             ... invoked by an orc priest
              (10 damage)
             ... on level 3 of the Dungeon.
             The game lasted 00:03:29 (2348 turns).

Descartes the Firebug (Deep Elf Fire Elementalist)  Turns: 2348, Time: 00:03:30

Health: -9/19      AC:  5    Str:  5    XL:     3   Next: 78%
Magic:  9/10       EV: 12    Int: 21    God:
Gold:   51         SH:  0    Dex: 19    Spells: 8/9 levels left

rFire   + . .      SeeInvis .   s - +5 dagger "Etaczola" {vorpal, rF+ rC- Dex+4}
rCold   x . .      Faith    .   (no shield)
rNeg    . . .      Spirit   .   g - +0 leather armour
rPois   .          Reflect  .   c - +0 helmet
rElec   .          Harm     .   (no cloak)
rCorr   .          Rampage  .   (no gloves)
Will    .....                   q - +0 pair of boots
Stlth   ++........              (no amulet)
HPRegen 0.06/turn               (no ring)
MPRegen 0.12/turn               (no ring)

@: no status effects
A: no striking features
a: no special abilities


You were on level 3 of the Dungeon.
You visited 1 branch of the dungeon, and saw 3 of its levels.

You collected 51 gold pieces.

Inventory:

Hand Weapons
 d - a +0 short sword
 s - the +5 dagger "Etaczola" (weapon) {vorpal, rF+ rC- Dex+4}
   (You found it on level 3 of the Dungeon)

   It inflicts extra damage upon your enemies.
   Dex:       It affects your dexterity (+4).
   rF:        It protects you from fire.
   rC:        It makes you vulnerable to cold.
 v - a +0 rapier
Missiles
 a - a boomerang
 e - 16 stones
 f - 5 poisoned darts
Armour
 c - a +0 helmet (worn)
 g - a +0 leather armour (worn)
 q - a +0 pair of boots (worn)
Wands
 u - a wand of acid (12)
Scrolls
 h - 3 scrolls of identify {unknown}
 j - 2 scrolls of teleportation {unknown}
 k - a scroll of magic mapping {unknown}
 l - a scroll of silence {unknown}
 m - a scroll of noise {unknown}
 o - a scroll of enchant weapon {unknown}
 p - a scroll of poison {unknown}
 r - a scroll of fog {unknown}
Potions
 b - a potion of magic
 i - 5 potions of curing {unknown}
 n - a potion of heal wounds {unknown}
 t - a potion of lignification {unknown}


   Skills:
 + Level 3.1 Dodging
 + Level 3.3 Stealth
 + Level 3.6 Spellcasting
 + Level 2.0 Conjurations
 + Level 3.7 Fire Magic


You had 8 spell levels left.
You knew the following spells:

 Your Spells              Type           Power      Damage    Failure   Level
a - Foxfire               Conj/Fire      60%        2x1d7     6%          1

Your spell library contained the following spells:

 Spells                   Type           Power      Damage    Failure   Level
 Scorch                   Fire           38%        2d7       7%          2
 Conjure Flame            Conj/Fire      15%        6-21      19%         3
 Inner Flame              Hex/Fire       11%        N/A       28%         3
 Ensorcelled Hibernation  Hex/Ice        6%         N/A       30%         2
 Poisonous Vapours        Pois/Air       6%         N/A       30%         2
 Ignite Poison            Fire/Tmut/Pois 9%         N/A       36%         3
 Spider Form              Tmut/Pois      3%         N/A       52%         3
 Flame Wave               Conj/Fire      15%        2d7       54%         4
 Sticky Flame             Conj/Fire      15%        2d4       54%         4
 Anguish                  Hex/Necr       1%         N/A       90%         4
 Corpse Rot               Necr/Pois/Air  3%         N/A       90%         4


Dungeon Overview and Level Annotations

Branches:
Dungeon (3/15)

Altars:

Shops:
D:1 =


Message History

Confirm with . or Enter, or press ? or * to list all spells.
You conjure some foxfire!
The foxfire hits the endoplasm.
The endoplasm is moderately wounded.
The foxfire hits the endoplasm.
The endoplasm is almost dead.
The foxfire hits the endoplasm.
You kill the endoplasm!
Your Conjurations skill increases to level 2!
Your foxfire dissipates!
Your foxfire dissipates! x2
j - 2 scrolls labelled ZUNLUY VUUGU (gained 1)
Found a rapier.
You see here a +0 rapier.
v - a +0 rapier An orc priest comes into view.
It is wielding a +0 flail.
Casting: Foxfire (safe; 6% risk of failure)
Confirm with . or Enter, or press ? or * to list all spells.
You conjure some foxfire!
The orc priest shouts!
A kobold comes into view. It is wielding a +0 short sword.
The orc priest drinks a potion.
The orc priest seems to speed up.
Your foxfire dissipates!
The foxfire hits the orc priest but does no damage.
The orc priest invokes the aid of Beogh against you.
Beogh smites you!
Ouch! That really hurt!
Casting: Foxfire (safe; 6% risk of failure)
Confirm with . or Enter, or press ? or * to list all spells.
You conjure some foxfire!
The orc priest mumbles some strange prayers to Beogh against you.
Beogh smites you!
* * * LOW HITPOINT WARNING * * *
The foxfire hits the orc priest.
The orc priest is moderately wounded.
The foxfire hits the orc priest.
The orc priest is severely wounded.
The orc priest mumbles some strange prayers to Beogh against you.
Beogh smites you!
Ouch! That really hurt!
You die...

####.........#
#.####.#
##...###### #.#
#... ##.## #.#
#..# ########.#
#.###..#
.........#
#.......
########.#
#####... # #.#
##...
..#..########§#
#....
...K......o.§@#
#.###
####.##########
#.# # #.###
#...> ##.#.
#.#. #.>. ....
####


You could see an orc priest (fast).

Vanquished Creatures
  2 adders
  5 orcs (D:3)
  4 endoplasms
  7 goblins
  A hobgoblin (D:2)
  6 kobolds
  4 ball pythons
  A bat (D:2)
  A frilled lizard (D:1)
  3 rats
34 creatures vanquished.

Vanquished Creatures (others)
  130 foxfires
130 creatures vanquished.

Grand Total: 164 creatures vanquished

Notes
Turn   | Place    | Note
-------+----------+-------------------------------------------
     0 | D:1      | Descartes the Deep Elf Fire Elementalist began the quest
                  | for the Orb.
     0 | D:1      | Reached XP level 1. HP: 10/10 MP: 6/6
   344 | D:1      | Found Xaleg's Jewellery Shoppe.
   387 | D:1      | Reached XP level 2. HP: 15/15 MP: 1/8
  1137 | D:2      | Reached XP level 3. HP: 19/19 MP: 5/9
  1791 | D:2      | You fall into a shaft and drop 1 floor!
  2081 | D:3      | Identified the +5 dagger "Etaczola" {vorpal, rF+ rC- Dex+4}
  2348 | D:3      | Killed from afar by an orc priest

Illustrated notes

Levels and vault maps discovered:
D:1:      enne_arrival_octagon_isle, layout_loops_ring, serial_shops, shop,
          nrook_campfire
D:2:      layout_basic, patterned_corridor
D:3:      layout_loops_ring, serial_shops, shop

Skill      XL: |  1  2  3 |
---------------+----------+-----
Stealth        | 3 |  3.3
Dodging        | 3 |  3.1
Conjurations   | 2 |  2.0
Spellcasting   | |  3.6
Fire Magic     | |  3.7

Action                   || total
-------------------------++-------
 Cast: Foxfire           ||    77
Armor: Leather armour    ||     3
Dodge: Dodged            ||     4
